 Dungeon Crawl Stone Soup version 0.26-a0-672-g1df16c3386 (webtiles) character file.

Game seed: 14611158228358295087

883 snetch the Skirmisher (level 7, -4/62 HPs)
             Began as a Minotaur Berserker on Oct 19, 2020.
             Was a Priest of Trog.
             Slain by an orc warrior
             ... wielding a +0 glaive
              (17 damage)
             ... on level 5 of the Dungeon.
             The game lasted 00:10:17 (3762 turns).

snetch the Skirmisher (Minotaur Berserker)          Turns: 3762, Time: 00:10:18

Health: -4/62      AC:  6    Str: 24    XL:     7   Next: 76%
Magic:  6/6        EV: 12    Int:  4    God:    Trog [***...]
Gold:   195        SH:  0    Dex:  9    Spells: 6/6 levels left

rFire    . . .     SeeInvis .   y - +2 club (spect)
rCold    . . .     Faith    .   (no shield)
rNeg     . . .     Spirit   .   u - +0 ring mail
rPois    +         Reflect  .   (helmet restricted)
rElec    .         Harm     .   (no cloak)
rCorr    .         Rampage  .   (no gloves)
MR       ++...     Rnd*Tele +   (no boots)
Stlth    +.........             (no amulet)
HPRegen  1.20/turn              r - ring of poison resistance
MPRegen  0.10/turn              E - ring of teleportation (curse)

@: berserk cooldown, regenerating, studying Earth Magic
A: retaliatory headbutt, horns 2
a: Berserk, Trog's Hand, Renounce Religion


You were on level 5 of the Dungeon.
You worshipped Trog.
Trog was most pleased with you.
You visited 1 branch of the dungeon, and saw 5 of its levels.

You collected 195 gold pieces.

Inventory:

Hand Weapons
 a - a +0 hand axe
 p - a +0 trident
 y - a +2 spectral club (weapon)
Missiles
 j - 63 stones
 k - 22 sling bullets
 l - 18 poisoned darts (quivered)
 o - 44 arrows
 x - 8 boomerangs
 C - 26 bolts
 F - 3 javelins
Armour
 u - a +0 ring mail (worn)
Jewellery
 i - an uncursed ring of fire
 r - a ring of poison resistance (left hand)
 A - an uncursed ring of see invisible
 D - an uncursed ring of flight
 E - a cursed ring of teleportation (right hand)
Wands
 h - a wand of iceblast (10)
 t - a wand of flame (10)
Scrolls
 c - 2 scrolls of enchant armour {unknown}
 d - 6 scrolls of identify {unknown}
 e - 2 scrolls of fog {unknown}
 m - 2 scrolls of blinking {unknown}
 n - a scroll of fear {unknown}
 q - a scroll of magic mapping {unknown}
 s - a scroll of enchant weapon {unknown}
 v - 3 scrolls of teleportation {unknown}
 w - a scroll of remove curse {unknown}
Potions
 b - 2 potions of resistance {unknown}
 f - 8 potions of curing {unknown}
 g - a potion of haste {unknown}
 z - a potion of mutation {unknown}
 B - a potion of brilliance {unknown}
Books
 G - a manual of Earth Magic


   Skills:
 + Level 5.9 Fighting
 + Level 5.1(6.5) Axes
 + Level 1.3(3.5) Maces & Flails
 + Level 5.7(6.6) Polearms
 + Level 0.3 Throwing
 + Level 5.2 Armour
 + Level 3.7 Dodging
 + Level 0.8 Stealth


You had 6 spell levels left.
You didn't know any spells.
Your spell library was empty.

Dungeon Overview and Level Annotations

Branches:
Dungeon (5/15)
 Temple: D:4-7

Altars:

Shops:
D:4 =

Annotations:
D:5 Pikel


Innate Abilities, Weirdness & Mutations

You reflexively headbutt those who attack you in melee.
You have a pair of horns on your head.


Message History

Trog accepts your kill.
An orc comes into view. It is wielding a +0 mace.
The orc shouts!
You feel a strong urge to attack something.
You sock the orc!
You kill the orc!
Trog accepts your kill.
You are no longer berserk.
You are exhausted.
You feel yourself slow down.
Found a stone staircase leading down.
Okay, then.
The orc warrior hits you from afar with a +0 glaive!
* * * LOW HITPOINT WARNING * * *
Okay, then.
Your skin crawls.
You feel resistant to hostile enchantments.
You feel yourself speed up.
The orc warrior hits you from afar with a +0 glaive!
You die...

##..........
#........... ##
#.########## ...
#.#####.#### ....
######...........
.....
#......#)........
......
#o###........####
..# #..####.#
#.#.......# .##
#....@.#
#o#.......# .#
##..####
#.#.......# ... #.
##.#......## ..S. #
#.##........## .
......
#.......##..###.#
.....#
..................
......
..###.#...#.......#
..... .
......##..)#####
... ...........##


You could see an orc warrior.

Vanquished Creatures
  An ice beast (D:5)
  An ogre (D:4)
  A centaur (D:5)
  A scorpion (D:4)
  A howler monkey (D:5)
  A centaur zombie (D:5)
  A quasit (D:5)
  2 hounds
  Jessica (D:3)
  2 iguanas (D:4)
  4 worker ants (D:4)
  An orc wizard (D:3)
  12 adders
  A white imp (D:5)
  An ufetubus (D:5)
  2 oozes
  An adder zombie (D:5)
  A worm (D:4)
  3 dart slugs
  A leopard gecko (D:2)
  6 orcs
  2 ball pythons
  4 bats
  3 giant cockroaches
  11 goblins
  12 hobgoblins
  4 jackals
  4 kobolds
  A quokka (D:2)
  2 frilled lizards
  A quokka skeleton (D:4)
  7 rats
  2 bushes (D:1)
98 creatures vanquished.

Vanquished Creatures (others)
  4 plants (D:1)
4 creatures vanquished.

Grand Total: 102 creatures vanquished

Notes
Turn   | Place    | Note
-------+----------+-------------------------------------------
     0 | D:1      | snetch the Minotaur Berserker began the quest for the Orb.
     0 | D:1      | Reached XP level 1. HP: 19/19 MP: 0/0
   200 | D:2      | Reached XP level 2. HP: 24/27 MP: 1/1
   968 | D:2      | Reached XP level 3. HP: 33/33 MP: 2/2
   980 | D:2      | Reached ** piety under Trog
  1413 | D:2      | Reached XP level 4. HP: 31/41 MP: 3/3
  1620 | D:2      | Reached skill level 5 in Axes
  1845 | D:3      | Reached skill level 5 in Fighting
  2066 | D:3      | Reached XP level 5. HP: 48/48 MP: 4/4
  2218 | D:4      | Reached skill level 1 in Polearms
  2503 | D:4      | Noticed an ogre
  2506 | D:4      | Killed an ogre
  2506 | D:4      | Reached XP level 6. HP: 56/56 MP: 5/5
  2631 | D:3      | Reached *** piety under Trog
  2711 | D:3      | Noticed Jessica
  2714 | D:3      | Killed Jessica
  2836 | D:4      | Found Keppuunn's Jewellery Shoppe.
  3353 | D:5      | Entered Level 5 of the Dungeon
  3372 | D:4      | Reached XP level 7. HP: 62/62 MP: 6/6
  3515 | D:5      | Noticed Pikel
  3524 | D:5      | Reached skill level 5 in Polearms
  3530 | D:5      | Reached skill level 1 in Maces & Flails
  3739 | D:5      | Reached skill level 5 in Armour
  3762 | D:5      | Slain by an orc warrior

Illustrated notes

Levels and vault maps discovered:
D:1:      heliophobic_arrival_glass_houses, layout_rooms, serial_forest,
          infiniplex_forest_clump_diagonal, infiniplex_forest_fountain,
          infiniplex_forest_lined_room_, infiniplex_forest_lined_room_3,
          infiniplex_forest_lined_room_2, infiniplex_forest_zigzag_1,
          infiniplex_forest_split
D:2:      layout_loops_ring
D:3:      layout_loops_corners, uniq_jessica
D:4:      layout_rooms, serial_shops, shop
D:5:      layout_rooms, basic_altar, st_stairs_4, minmay_manual_monolith,
          uniq_pikel

Skill      XL: |  1  2  3  4  5  6  7 |
---------------+----------------------+-----
Fighting       | 4 5 |  5.9
Axes           | 4 5 |  5.1
Armour         | 3 4 5 |  5.2
Polearms       | 3 4 5 |  5.7
Dodging        | 3 |  3.7
Maces & Flails | 1 |  1.3
Throwing       | |  0.3
Stealth        | |  0.8

Action                   |  1- 3 |  4- 6 |  7- 9 || total
-------------------------+-------+-------+-------++-------
Melee: Hand axe          |   181 |       |       ||   181
       Headbutt          |    58 |    14 |     8 ||    80
       Trident           |     6 |    80 |       ||    86
       Club              |       |    45 |    51 ||    96
Throw: Dart              |     1 |       |     1 ||     2
Invok: Berserk           |       |     3 |     2 ||     5
       Trog's Hand       |       |       |     1 ||     1
Armor: Leather armour    |    14 |     7 |       ||    21
       Animal skin       |     1 |       |       ||     1
       Ring mail         |       |    21 |    28 ||    49
Dodge: Dodged            |    44 |    65 |    63 ||   172

Table legend: (Time is in decaauts)
 A = Elapsed time spent in this place.
 B = Non-inter-level travel time spent in this place.
 C = Inter-level travel time spent in this place.
 D = Time resting spent in this place.
 E = Time spent auto-exploring this place.
 F = Levels seen in this place.
 G = Mean time per level.
                   A        B        C        D        E       F      G
               +--------+--------+--------+--------+--------+-----+--------+
         Total |   3843 |   3710 |    133 |    142 |   2372 |   5 |  768.6 |
       Dungeon |   3843 |   3710 |    133 |    142 |   2372 |   5 |  768.6 |
               +--------+--------+--------+--------+--------+-----+--------+

Top non-repeatable levels by time:
     D:2: 1071 daAuts
     D:3: 952 daAuts
     D:4: 824 daAuts
     D:1: 731 daAuts
     D:5: 263 daAuts
